TOP OF THE 1ST |
Indianapolis HS Rifles batting - Pitching for Bishop Verot HS : RHP Tim Bennett
|
Pitching: RHP Tim Bennett
|
|
Batting: LHB Sam Fuller
|
0-0: Ball 1-0: Ball 2-0: Ball 3-0: Called Strike 3-1: Base on Balls
|
Batting: RHB Nathan Smith
|
0-0: Ball 1-0: Fly out, F8 (Flyball, 8RM)
|
Batting: RHB Joe Noble
|
0-0: SINGLE (Groundball, 56) Sam Fuller to second
|
Batting: LHB Dave Sanders
|
0-0: Called Strike Sam Fuller steals 3rd base Joe Noble to second 0-1: Foul Ball, location: 2F 0-2: Foul Ball, location: 2F 0-2: Hit by Pitch
|
Batting: RHB Joe Farrell
|
0-0: Ball 1-0: Fly out, F8 (Flyball, 8RD) Runner from 3rd tags up, SCORES, no throw
|
Batting: LHB Jason Welch
|
0-0: Ball 1-0: Foul Ball, location: 2F 1-1: Swinging Strike 1-2: Strikes out looking
|
Top of the 1st over - 1 run(s), 1 hit(s), 0 error(s), 2 left on base; Indianapolis HS 1 - Bishop Verot HS 0 |
BOTTOM OF THE 1ST |
Bishop Verot HS batting - Pitching for Indianapolis HS Rifles : RHP Bill Daniels
|
Pitching: RHP Bill Daniels
|
|
Batting: LHB Jim Hall
|
0-0: Ground out U3 (Groundball, 3L)
|
Batting: RHB Chris Seals
|
0-0: Ball 1-0: Called Strike 1-1: Called Strike 1-2: Ball 2-2: Ball 3-2: Strikes out swinging
|
Batting: RHB Brian Bailey
|
0-0: Swinging Strike 0-1: Ball 1-1: Ball 2-1: Swinging Strike 2-2: Strikes out swinging, 2-3 out at first.
|
Bottom of the 1st over - 0 run(s), 0 hit(s), 0 error(s), 0 left on base; Indianapolis HS 1 - Bishop Verot HS 0 |
TOP OF THE 2ND |
Indianapolis HS Rifles batting - Pitching for Bishop Verot HS : RHP Tim Bennett
|
Batting: RHB Wesley Wood
|
0-0: Ball 1-0: Ball 2-0: Foul Ball, location: 2F 2-1: Foul Ball, location: 2F 2-2: Ball 3-2: SINGLE (Groundball, 56D) (infield hit)
|
Batting: RHB Juan Reyes
|
0-0: Ball 1-0: Called Strike 1-1: Swinging Strike 1-2: Strikes out swinging
|
Batting: RHB Lyle Jackson
|
0-0: Ball 1-0: Swinging Strike 1-1: SINGLE (Groundball, 34) Wesley Wood to second Runner from 2nd tries for 3rd, SAFE, throw made to third
|
Batting: LHB Sam Fuller
|
0-0: Ball 1-0: Ball 2-0: Called Strike 2-1: Foul Ball, location: 2F 2-2: Ball 3-2: Strikes out looking
|
Batting: RHB Nathan Smith
|
0-0: Foul Ball, location: 2F 0-1: Ball 1-1: Foul Ball, location: 2F 1-2: Ball 2-2: Foul Ball, location: 2F 2-2: Foul Ball, location: 2F 2-2: SINGLE (Line Drive, 56) Wesley Wood scores Lyle Jackson to second
|
Batting: RHB Joe Noble
|
0-0: Swinging Strike 0-1: Foul Ball, location: 2F 0-2: Ball 1-2: Ball 2-2: Fielders Choice at 2nd, U4 (Groundball, 4M)
|
Top of the 2nd over - 1 run(s), 3 hit(s), 0 error(s), 2 left on base; Indianapolis HS 2 - Bishop Verot HS 0 |
BOTTOM OF THE 2ND |
Bishop Verot HS batting - Pitching for Indianapolis HS Rifles : RHP Bill Daniels
|
Batting: RHB Bob Fitzgerald
|
0-0: Ball 1-0: Ball 2-0: Fly out, F8 (Flyball, 8RM)
|
Batting: LHB Pedro Padilla
|
0-0: Fly out, F2 (Popup, 2RF)
|
Batting: RHB Carlos Sánchez
|
0-0: Called Strike 0-1: SINGLE (Line Drive, 9LS)
|
Batting: RHB Stuart Mitchell
|
0-0: Called Strike 0-1: Ball 1-1: Foul Ball, location: 2F 1-2: Ball 2-2: Fly out, F7 (Flyball, 78S)
|
Bottom of the 2nd over - 0 run(s), 1 hit(s), 0 error(s), 1 left on base; Indianapolis HS 2 - Bishop Verot HS 0 |
TOP OF THE 3RD |
Indianapolis HS Rifles batting - Pitching for Bishop Verot HS : RHP Tim Bennett
|
Batting: LHB Dave Sanders
|
0-0: Foul Ball, location: 2F 0-1: Foul Ball, location: 2F 0-2: Ball 1-2: Foul Ball, location: 2F 1-2: SINGLE (Line Drive, 9S)
|
Batting: RHB Joe Farrell
|
0-0: Foul Ball, location: 2F 0-1: 2-RUN HOME RUN (Flyball, 8LXD), Distance : 439 ft
|
Batting: LHB Jason Welch
|
0-0: Called Strike 0-1: Ground out 4-3 (Groundball, 34)
|
Batting: RHB Wesley Wood
|
0-0: Ball 1-0: Called Strike 1-1: Called Strike 1-2: Strikes out swinging
|
Batting: RHB Juan Reyes
|
0-0: Ball 1-0: Ball 2-0: Ball 3-0: Called Strike 3-1: Called Strike 3-2: Ground out 6-3 (Groundball, 6)
|
Top of the 3rd over - 2 run(s), 2 hit(s), 0 error(s), 0 left on base; Indianapolis HS 4 - Bishop Verot HS 0 |
BOTTOM OF THE 3RD |
Bishop Verot HS batting - Pitching for Indianapolis HS Rifles : RHP Bill Daniels
|
Batting: RHB George Lutz
|
0-0: Called Strike 0-1: Foul Ball, location: 2F 0-2: Ball 1-2: Strikes out swinging
|
Batting: RHB Carson Allen
|
0-0: SINGLE (Groundball, 6MD)
|
Batting: LHB Jim Hall
|
0-0: Ball 1-0: Foul Ball, location: 2F 1-1: Fielders Choice at 2nd, U6 (Groundball, 6M)
|
Batting: RHB Chris Seals
|
0-0: Ball 1-0: Ball 2-0: Ball 3-0: Called Strike 3-1: Foul Ball, location: 2F 3-2: Strikes out swinging
|
Bottom of the 3rd over - 0 run(s), 1 hit(s), 0 error(s), 1 left on base; Indianapolis HS 4 - Bishop Verot HS 0 |
TOP OF THE 4TH |
Indianapolis HS Rifles batting - Pitching for Bishop Verot HS : RHP Tim Bennett
|
Batting: RHB Lyle Jackson
|
0-0: Ball 1-0: Ball 2-0: Ball 3-0: Base on Balls
|
Batting: LHB Sam Fuller
|
0-0: Ball Throwing error on steal attempt, E2 Lyle Jackson to third 1-0: Foul Ball, location: 2F 1-1: Ground out 5-3 (Groundball, 5S)
|
Batting: RHB Nathan Smith
|
0-0: Foul Ball, location: 2F 0-1: Called Strike 0-2: Ball 1-2: Foul Ball, location: 2F 1-2: Ball 2-2: Foul Ball, location: 2F 2-2: Strikes out swinging
|
Pitching: RHP Tim Randell
|
|
Batting: RHB Joe Noble
|
0-0: Fly out, F8 (Flyball, 8RM)
|
Top of the 4th over - 0 run(s), 0 hit(s), 1 error(s), 1 left on base; Indianapolis HS 4 - Bishop Verot HS 0 |
BOTTOM OF THE 4TH |
Bishop Verot HS batting - Pitching for Indianapolis HS Rifles : RHP Bill Daniels
|
Batting: RHB Brian Bailey
|
0-0: Ball 1-0: SOLO HOME RUN (Flyball, 7D), Distance : 369 ft
|
Batting: RHB Bob Fitzgerald
|
0-0: DOUBLE (Line Drive, 7M)
|
Batting: LHB Pedro Padilla
|
0-0: Ball 1-0: Ground out U3 (Groundball, 3) Bob Fitzgerald to third
|
Batting: RHB Carlos Sánchez
|
0-0: Ball 1-0: Ball 2-0: Called Strike 2-1: Swinging Strike 2-2: Ball 3-2: Base on Balls
|
Batting: RHB Stuart Mitchell
|
0-0: Ball 1-0: Ball 2-0: Foul Ball, location: 2F 2-1: Ball 3-1: Base on Balls Carlos Sánchez to second
|
Batting: RHB George Lutz
|
0-0: Called Strike 0-1: Called Strike 0-2: Foul Ball, location: 2F 0-2: Ball 1-2: Reached on error, E6 (Groundball, 56) Bob Fitzgerald scores Carlos Sánchez to third Stuart Mitchell to second
|
Batting: RHB Carson Allen
|
0-0: Foul Ball, location: 2F 0-1: Fly out, F8 (Flyball, 8RM) Runner from 3rd tags up, SCORES, no throw
|
Batting: LHB Jim Hall
|
0-0: Called Strike 0-1: Ball 1-1: Ground out U3 (Groundball, 3L)
|
Bottom of the 4th over - 3 run(s), 2 hit(s), 1 error(s), 2 left on base; Indianapolis HS 4 - Bishop Verot HS 3 |
TOP OF THE 5TH |
Indianapolis HS Rifles batting - Pitching for Bishop Verot HS : RHP Tim Randell
|
Batting: LHB Dave Sanders
|
0-0: Ball 1-0: Foul Ball, location: 2F 1-1: Called Strike 1-2: Ground out 5-3 (Groundball, 5)
|
Batting: RHB Joe Farrell
|
0-0: Ball 1-0: Ball 2-0: Ball 3-0: Base on Balls
|
Batting: LHB Jason Welch
|
0-0: Ball Joe Farrell steals 2nd base 1-0: Ball 2-0: Ball 3-0: Base on Balls
|
Batting: RHB Wesley Wood
|
0-0: Called Strike 0-1: Ball 1-1: Ball 2-1: Called Strike 2-2: Strikes out swinging
|
Batting: RHB Juan Reyes
|
0-0: Ball 1-0: Ball 2-0: Called Strike 2-1: Ball 3-1: Fly out, F9 (Flyball, 89S)
|
Top of the 5th over - 0 run(s), 0 hit(s), 0 error(s), 2 left on base; Indianapolis HS 4 - Bishop Verot HS 3 |
BOTTOM OF THE 5TH |
Bishop Verot HS batting - Pitching for Indianapolis HS Rifles : RHP Bill Daniels
|
Batting: RHB Chris Seals
|
0-0: Called Strike 0-1: Fly out, F5 (Line Drive, 56)
|
Batting: RHB Brian Bailey
|
0-0: Ball 1-0: SINGLE (Line Drive, 7LM)
|
Batting: RHB Bob Fitzgerald
|
0-0: Called Strike 0-1: Swinging Strike 0-2: Ball 1-2: Foul Ball, location: 2F 1-2: Foul Ball, location: 2F 1-2: Foul Ball, location: 2F 1-2: 2-RUN HOME RUN (Flyball, 7LD), Distance : 348 ft
|
Batting: LHB Pedro Padilla
|
0-0: Called Strike 0-1: Called Strike 0-2: Ball 1-2: Ball 2-2: Foul Ball, location: 2F 2-2: Ball 3-2: Fly out, F1 (Popup, 23)
|
Batting: RHB Carlos Sánchez
|
0-0: Called Strike 0-1: Foul Ball, location: 2F 0-2: Ball 1-2: Fly out, F1 (Popup, 23)
|
Bottom of the 5th over - 2 run(s), 2 hit(s), 0 error(s), 0 left on base; Indianapolis HS 4 - Bishop Verot HS 5 |
TOP OF THE 6TH |
Indianapolis HS Rifles batting - Pitching for Bishop Verot HS : RHP Tim Randell
|
Batting: RHB Lyle Jackson
|
0-0: Foul Ball, location: 2F 0-1: SINGLE (Line Drive, 5D)
|
Batting: LHB Sam Fuller
|
0-0: Ball 1-0: Called Strike 1-1: Swinging Strike 1-2: Foul Ball, location: 2F 1-2: Ball 2-2: Foul Ball, location: 2F 2-2: Foul Ball, location: 2F 2-2: SINGLE (Flyball, 8LM) Lyle Jackson to second
|
Batting: RHB Nathan Smith
|
0-0: Ball 1-0: Foul Ball, location: 2F 1-1: Ball 2-1: Ball 3-1: Base on Balls Lyle Jackson to third Sam Fuller to second
|
Batting: RHB Joe Noble
|
0-0: Swinging Strike 0-1: Called Strike 0-2: Foul Ball, location: 2F 0-2: Foul Ball, location: 2F 0-2: Ball 1-2: Foul Ball, location: 2F 1-2: Ball 2-2: Foul Ball, location: 2F 2-2: Fly out, F9 (Flyball, 9LM) Runner from 3rd tags up, SCORES, no throw
|
Pitching: RHP Marcos Lozano
|
|
Batting: LHB Dave Sanders
|
0-0: Called Strike 0-1: SINGLE (Line Drive, 78M) Sam Fuller to third Nathan Smith to second Runner from 3rd tries for Home, SAFE, no throw or cutoff
|
Batting: RHB Joe Farrell
|
0-0: Called Strike 0-1: Called Strike 0-2: Foul Ball, location: 2F 0-2: Foul Ball, location: 2F 0-2: Strikes out swinging
|
Batting: LHB Jason Welch
|
0-0: Ball 1-0: Called Strike 1-1: Ball 2-1: Foul Ball, location: 2F 2-2: Foul Ball, location: 2F 2-2: Ball 3-2: Ground out 1-3 (Groundball, 15S)
|
Top of the 6th over - 2 run(s), 3 hit(s), 0 error(s), 2 left on base; Indianapolis HS 6 - Bishop Verot HS 5 |
BOTTOM OF THE 6TH |
Bishop Verot HS batting - Pitching for Indianapolis HS Rifles : RHP Bill Daniels
|
Pitching: RHP Adrian Cooper
|
|
Batting: RHB Stuart Mitchell
|
0-0: Ball 1-0: Ball 2-0: Ball 3-0: Called Strike 3-1: SOLO HOME RUN (Line Drive, 7LD), Distance : 349 ft
|
Batting: RHB George Lutz
|
0-0: Called Strike 0-1: Ball 1-1: Ball 2-1: SOLO HOME RUN (Flyball, 8RXD), Distance : 441 ft
|
Batting: RHB Carson Allen
|
0-0: Ground out 6-3 (Groundball, 6)
|
Batting: LHB Jim Hall
|
0-0: Ball 1-0: Called Strike 1-1: Ground out 4-3 (Groundball, 34)
|
Batting: RHB Chris Seals
|
0-0: Ball 1-0: Called Strike 1-1: Called Strike 1-2: Foul Ball, location: 2F 1-2: Strikes out looking
|
Bottom of the 6th over - 2 run(s), 2 hit(s), 0 error(s), 0 left on base; Indianapolis HS 6 - Bishop Verot HS 7 |
TOP OF THE 7TH |
Indianapolis HS Rifles batting - Pitching for Bishop Verot HS : RHP Marcos Lozano
|
Batting: RHB Wesley Wood
|
0-0: Ball 1-0: Fly out, F9 (Flyball, 9M)
|
Batting: RHB Juan Reyes
|
0-0: Ball 1-0: Ground out 2-3 (Groundball, 25)
|
Batting: RHB Lyle Jackson
|
0-0: SINGLE (Line Drive, 78S)
|
Batting: LHB Sam Fuller
|
0-0: Foul Ball, location: 2F 0-1: Fly out, F8 (Line Drive, 8LM)
|
Top of the 7th over - 0 run(s), 1 hit(s), 0 error(s), 1 left on base; Indianapolis HS 6 - Bishop Verot HS 7 |
BOTTOM OF THE 7TH |
Bishop Verot HS batting - Pitching for Indianapolis HS Rifles : RHP Adrian Cooper
|
Batting: RHB Brian Bailey
|
0-0: Ball 1-0: Ball 2-0: Swinging Strike 2-1: Fly out, F5 (Popup, 5F)
|
Batting: RHB Bob Fitzgerald
|
0-0: Ball 1-0: Called Strike 1-1: Ground out 5-3 (Groundball, 5)
|
Batting: LHB Pedro Padilla
|
0-0: Fly out, F8 (Flyball, 8RM)
|
Bottom of the 7th over - 0 run(s), 0 hit(s), 0 error(s), 0 left on base; Indianapolis HS 6 - Bishop Verot HS 7 |
TOP OF THE 8TH |
Indianapolis HS Rifles batting - Pitching for Bishop Verot HS : RHP Marcos Lozano
|
Batting: RHB Nathan Smith
|
0-0: Swinging Strike 0-1: Ball 1-1: Called Strike 1-2: Ball 2-2: Strikes out swinging
|
Pitching: LHP Tony Molina
|
|
Batting: RHB Joe Noble
|
0-0: Swinging Strike 0-1: Hit by Pitch
|
Pitching: LHP Tommy Henderson
|
|
Batting: LHB Dave Sanders
|
0-0: Ball 1-0: Ball 2-0: Called Strike 2-1: Ball 3-1: Ground out 4-3 (Groundball, 4S) Joe Noble to second
|
Pitching: RHP Nick Taylor
|
|
Batting: RHB Joe Farrell
|
0-0: Called Strike 0-1: Swinging Strike 0-2: Ball 1-2: Foul Ball, location: 2F 1-2: Ball 2-2: Strikes out swinging
|
Top of the 8th over - 0 run(s), 0 hit(s), 0 error(s), 1 left on base; Indianapolis HS 6 - Bishop Verot HS 7 |
BOTTOM OF THE 8TH |
Bishop Verot HS batting - Pitching for Indianapolis HS Rifles : RHP Adrian Cooper
|
Pitching: RHP Frank Scott
|
|
Batting: RHB Carlos Sánchez
|
0-0: Called Strike 0-1: Foul Ball, location: 2F 0-2: Strikes out swinging
|
Batting: RHB Stuart Mitchell
|
0-0: Ball 1-0: Called Strike 1-1: Ground out 4-3 (Groundball, 4M)
|
Batting: RHB George Lutz
|
0-0: SOLO HOME RUN (Flyball, 7D), Distance : 384 ft
|
Batting: RHB Carson Allen
|
0-0: Ball 1-0: Ball 2-0: Called Strike 2-1: Ball 3-1: Called Strike 3-2: Base on Balls
|
Batting: LHB Jim Hall
|
0-0: Called Strike 0-1: Called Strike 0-2: Ball 1-2: Fielders Choice at 2nd, U6 (Groundball, 6M)
|
Bottom of the 8th over - 1 run(s), 1 hit(s), 0 error(s), 1 left on base; Indianapolis HS 6 - Bishop Verot HS 8 |
TOP OF THE 9TH |
Indianapolis HS Rifles batting - Pitching for Bishop Verot HS : RHP Nick Taylor
|
Pitching: RHP Jacob Wallace
|
|
Batting: LHB Jason Welch
|
0-0: Ball 1-0: Foul Ball, location: 2F 1-1: Ball 2-1: Ball 3-1: Foul Ball, location: 2F 3-2: Base on Balls
|
Batting: RHB Wesley Wood
|
0-0: Ball 1-0: Called Strike 1-1: Fly out, F7 (Flyball, 78M)
|
Pinch Hitting: LHB Benny Marte
|
0-0: Swinging Strike 0-1: Ball 1-1: Foul Ball, location: 2F 1-2: Strikes out swinging
|
Batting: RHB Lyle Jackson
|
0-0: Foul Ball, location: 2F 0-1: Ball 1-1: Ball 2-1: Ball 3-1: Ground out 6-3 (Groundball, 56)
|
Top of the 9th over - 0 run(s), 0 hit(s), 0 error(s), 1 left on base; Indianapolis HS 6 - Bishop Verot HS 8 |
|